 Dungeon Crawl Stone Soup version 0.28.0 (webtiles) character file.

Game seed: 13902864946970723154

49 Eitelfritz the Slasher (level 3, 0/30 HPs)
             Began as a Minotaur Gladiator on Feb 14, 2022.
             Slain by a worm (4 damage)
             ... on level 2 of the Dungeon.
             The game lasted 00:01:38 (800 turns).

Eitelfritz the Slasher (Minotaur Gladiator)          Turns: 800, Time: 00:01:39

Health: 0/30       AC:  3    Str: 18    XL:     3   Next: 53%
Magic:  2/2        EV: 12    Int:  7    God:
Gold:   35         SH:  0    Dex: 11    Spells: 2/2 levels left

rFire   . . .      SeeInvis .   a - +0 long sword
rCold   . . .      Faith    .   (no shield)
rNeg    . . .      Spirit   .   b - +0 leather armour
rPois   .          Reflect  .   c - +0 hat
rElec   .          Harm     .   (no cloak)
rCorr   .          Rampage  .   (no gloves)
Will    .....                   (no boots)
Stlth   +.........              (no amulet)
HPRegen 0.10/turn               (no ring)
MPRegen 0.08/turn               (no ring)

@: no status effects
A: horns 2, retaliatory headbutt
a: no special abilities


You were on level 2 of the Dungeon.
You visited 1 branch of the dungeon, and saw 2 of its levels.

You collected 35 gold pieces.

Inventory:

Hand Weapons
 a - a +0 long sword (weapon)
Missiles
 d - 3 throwing nets (quivered)
 h - 3 poisoned darts
Armour
 b - a +0 leather armour (worn)
 c - a +0 hat (worn)
Scrolls
 f - a scroll of noise {unknown}
Potions
 e - a potion of haste {unknown}
 g - a potion of curing {unknown}


   Skills:
 + Level 2.5 Fighting
 + Level 4.9 Long Blades
 + Level 2.2 Throwing
 + Level 0.2 Armour
 + Level 3.7 Dodging


You had 2 spell levels left.
You didn't know any spells.
Your spell library was empty.

Dungeon Overview and Level Annotations

Branches:
Dungeon (2/15)

Altars:


Innate Abilities, Weirdness & Mutations

You have a pair of horns on your head.
You reflexively headbutt those who attack you in melee.


Message History

You slash the adder!
The adder is severely wounded.
The adder closely misses you. The adder bites you but does no damage.
You barely miss the adder.
The adder is severely wounded.
The adder bites you.
You barely miss the adder.
The adder is severely wounded.
The adder misses you. The adder closely misses you. You furiously retaliate!
You headbutt the adder.
You kill the adder!
The rat bites you.
You see here an adder corpse.
You barely miss the rat. The rat misses you.
You slash the rat!
You kill the rat!
You barely miss the rat. Your headbutt misses the rat. The rat bites you.
The rat misses you.
You slash the rat!
You kill the rat!
You slash the kobold!
You kill the kobold!
You slash the worm!
The worm is heavily wounded.
You hit the worm but do no damage.
The worm is heavily wounded.
The worm bites you.
You hit the worm. Your headbutt misses the worm.
The worm is heavily wounded.
The worm bites you!
* * * LOW HITPOINT WARNING * * *
You hit the worm but do no damage.
The worm is heavily wounded.
You barely miss the worm.
The worm is heavily wounded.
The worm barely misses you.
You slash the worm! Your headbutt misses the worm.
The worm is almost dead.
The worm bites you.
You die...

#........ #<.......
#........ #...#####
########...#####
................
###############.#.....#
......#########.#.###.#
#..w@.......#.# #
###..##########.#
#..†.........
#...r........
#...#.#######
###.#.r......
#+##..w.... .K....?
#......


You could see a worm.

Vanquished Creatures
  An adder (D:2)
  3 dart slugs
  2 bats (D:1)
  An endoplasm (D:1)
  A giant cockroach (D:1)
  2 goblins (D:1)
  2 hobgoblins (D:1)
  3 jackals
  3 kobolds
  A quokka (D:1)
  7 ball pythons (D:1)
  3 frilled lizards (D:1)
  6 rats
35 creatures vanquished.

Vanquished Creatures (others)
  A plant (D:1)
1 creature vanquished.

Grand Total: 36 creatures vanquished

Notes
Turn   | Place    | Note
-------+----------+-------------------------------------------
     0 | D:1      | Eitelfritz the Minotaur Gladiator began the quest for the
                  | Orb.
     0 | D:1      | Reached XP level 1. HP: 18/18 MP: 0/0
    74 | D:1      | Reached skill level 4 in Long Blades
   155 | D:1      | Reached XP level 2. HP: 25/25 MP: 1/1
   499 | D:1      | Reached XP level 3. HP: 30/30 MP: 2/2
   800 | D:2      | Slain by a worm

Illustrated notes

Levels and vault maps discovered:
D:1:      shiori_arrival_maze, layout_rooms, serial_forest,
          infiniplex_forest_lined_3_way, infiniplex_forest_lined_3_way,
          infiniplex_forest_clump_double, infiniplex_forest_lined_4_way,
          infiniplex_forest_lined_corner, infiniplex_forest_corner_2,
          infiniplex_forest_straight_4
D:2:      cheibrodos_pilgrimage, layout_basic, serial_shops, shop,
          shapermc_ecumenical_altar_pompeii, st_stairs_12

Skill      XL: |  1 |
---------------+----+-----
Long Blades    | 4 |  4.9
Fighting       | |  2.5
Throwing       | |  2.2
Armour         | |  0.2
Dodging        | |  3.7

Action                   || total
-------------------------++-------
Melee: Long sword        ||    65
       Headbutt          ||     7
 Stab: Sleeping          ||     1
Armor: Leather armour    ||    19
Dodge: Dodged            ||    50
